 Dungeon Crawl Stone Soup version 0.16-a0-3939-g9a3e665 (webtiles) character file.

525 Crauler the Skirmisher (level 7, 38/54 HPs)
             Began as a Demonspawn Wanderer on Feb 6, 2015.
             Quit the game in an ossuary.
             The game lasted 00:15:49 (4184 turns).

Crauler the Skirmisher (Demonspawn Wanderer)        Turns: 4184, Time: 00:15:50

Health: 38/54      AC:  5    Str: 13    XL:     7   Next: 2%
Magic:  8/8        EV: 11    Int: 13    God:
Gold:   159        SH:  0    Dex: 14    Spells: 0 memorised, 6 levels left

rFire  + + .     SeeInvis .     t - +0 hand axe
rCold  . . .     Clarity  .     k - +0 ring mail (curse)
rNeg   . . .     SustAb   .     (no shield)
rPois  .         Gourm    .     (helmet restricted)
rElec  .         Spirit   .     (no cloak)
rCorr  .         Warding  .     (no gloves)
rMut   .         Stasis   .     (no boots)
MR     .....                    p - amulet of regeneration (curse)
Stlth  +.........               v - ring of protection from fire (curse)
                                j - ring of loudness (curse)

@: not resistant to hostile enchantments, very unstealthy
A: horns 1, demonic guardian 1, fire resistance 1
a: no special abilities


You were in an ossuary.
You were not hungry.

You visited 1 branch of the dungeon, and saw 5 of its levels.
You also visited: Ossuary.

You collected 159 gold pieces.

Inventory:

Hand weapons
 t - a +0 hand axe (weapon)
Armour
 k - a cursed +0 ring mail (worn)
Jewellery
 j - a cursed ring of loudness (left hand)
 p - a cursed amulet of regeneration (around neck)
 v - a cursed ring of protection from fire (right hand)
Magical devices
 a - a wand of magic darts (33)
 r - a wand of digging (6)
 u - a wand of flame (30)
 y - a wand of paralysis (7)
 D - a wand of digging (0)
Scrolls
 b - 2 scrolls of fear
 c - a scroll of teleportation
 g - 7 scrolls of identify {unknown}
 i - a scroll of fog {unknown}
 l - a scroll of enchant weapon {unknown}
 o - a scroll of noise {unknown}
 z - a scroll of recharging {unknown}
 A - 2 scrolls of remove curse {unknown}
 B - a scroll of blinking {unknown}
Potions
 d - a potion of curing {unknown}
 e - a potion of brilliance {unknown}
 h - a potion of restore abilities {unknown}
 m - a potion of ambrosia
 s - a potion of flight {unknown}
 w - 2 potions of cure mutation {unknown}
Comestibles
 f - 3 bread rations
 n - 4 meat rations
 x - 5 fruits


   Skills:
 + Level 4.0 Fighting
 * Level 2.9 Axes
 + Level 2.9 Armour
 + Level 2.9 Dodging
 - Level 3.6 Stealth
 - Level 3.8 Unarmed Combat
 - Level 1.0 Evocations


You had 6 spell levels left.
You didn't know any spells.

Dungeon Overview and Level Annotations

Branches:
Dungeon (5/15)
 Temple: D:4-7

Altars:
Dithmenos
Elyvilon
Yredelemnul
The Shining One


Innate Abilities, Weirdness & Mutations

You have a pair of small horns on your head.
A weak demonic guardian rushes to your aid.
Your flesh is heat resistant.


Message History

Your crimson imp closely misses the giant frog zombie.
Your iron imp hits the giant frog zombie.
You hit the giant frog zombie. The giant frog zombie hits you.
Your crimson imp hits the giant frog zombie.
The giant frog zombie hits you.
Your iron imp hits the giant frog zombie.
You hit the giant frog zombie.
Your crimson imp blinks!
The giant frog zombie hits you but does no damage.
Your iron imp hits the giant frog zombie.
The giant frog zombie is destroyed!
You have reached level 7!
Your demonic ancestry asserts itself...
You feel resistant to heat.
You hit the hound zombie.
Your crimson imp disappears in a puff of smoke!
Your iron imp hits the hound zombie!
Quiver which item? (- for none, * to show all) (? for menu, Esc to quit)
Okay, then.
Are you sure you want to abandon this character and quit the game? (Confirm with "yes".)

. Z' .#
.' .## Z'
#####.###
#∩..#.'.#
#.∩@ZZ#
#..5#≈≈.#
#####.###
≈≈ .## PZ
≈# ##


You could see a hound zombie, a centaur zombie and a friendly iron imp.

Vanquished Creatures
  A water moccasin zombie (Ossuary)
  A water moccasin skeleton (D:3)
  2 mummies (Ossuary)
  Natasha (twice) (D:4)
  6 adders
  A shadow imp (D:4)
  5 worms
  3 giant geckos (D:2)
  3 orcs (D:3)
  A bat zombie (Ossuary)
  5 hobgoblins
  A quokka (D:2)
  3 ball pythons
  6 bats
  2 giant cockroaches
  8 giant newts
  6 goblins
  10 jackals
  13 kobolds
  10 rats
89 creatures vanquished.

Vanquished Creatures (collateral kills)
  The ghost of Borgoz the Sneak, an average KoAs (D:4)
  A giant frog (D:4)
  A centaur zombie (Ossuary)
  2 giant frog zombies (Ossuary)
  Natasha (D:4)
  Jessica (D:3)
  A mummy (Ossuary)
8 creatures vanquished.

Vanquished Creatures (others)
  2 crimson imps (D:4)
  A quasit (D:4)
  An iron imp (D:3)
  A white imp (Ossuary)
5 creatures vanquished.

Grand Total: 102 creatures vanquished

Notes
Turn   | Place    | Note
--------------------------------------------------------------
     0 | D:1      | Crauler, the Demonspawn Wanderer, began the quest for the Orb.
     0 | D:1      | Crauler set off with: a +2 dagger, a scroll of fear, a scroll of teleportation, a potion of lignification, a +0 robe, a bread ration
     0 | D:1      | Reached XP level 1. HP: 15/15 MP: 1/1
   466 | D:1      | Gained mutation: You have a pair of small horns on your head. [demonic ancestry]
   466 | D:1      | Reached XP level 2. HP: 5/21 MP: 2/2
  1351 | D:2      | Reached XP level 3. HP: 8/27 MP: 3/3
  1782 | D:2      | Reached skill level 1 in Dodging
  1932 | D:2      | Reached skill level 1 in Armour
  1973 | D:2      | Found a basalt altar of Yredelemnul.
  1974 | D:2      | Noticed a profane servitor
  1994 | D:2      | Found a glowing golden altar of the Shining One.
  1995 | D:2      | Noticed an angel
  2587 | D:2      | Gained mutation: A weak demonic guardian rushes to your aid. [demonic ancestry]
  2587 | D:2      | Reached XP level 4. HP: 34/34 MP: 4/4
  2793 | D:3      | Noticed Jessica
  2799 | D:3      | Killed Jessica
  2809 | D:3      | Reached XP level 5. HP: 39/41 MP: 5/5
  2929 | D:3      | Found a white marble altar of Elyvilon.
  3330 | D:4      | Reached skill level 1 in Axes
  3488 | D:4      | Found a shadowy altar of Dithmenos.
  3551 | D:4      | Noticed Natasha
  3561 | D:4      | Killed Natasha
  3576 | D:4      | Noticed Borgoz's ghost (average KoAs)
  3591 | D:4      | Killed Borgoz's ghost
  3591 | D:4      | Reached XP level 6. HP: 32/47 MP: 7/7
  3782 | D:4      | Noticed Natasha
  3785 | D:4      | Killed Natasha
  3992 | D:4      | Noticed Natasha
  4001 | D:4      | Killed Natasha
  4045 | D:5      | Entered Level 5 of the Dungeon
  4064 | D:5      | Found a sand-covered staircase.
  4073 | Ossuary  | Entered an ossuary
  4177 | Ossuary  | Reached skill level 4 in Fighting
  4182 | Ossuary  | Gained mutation: Your flesh is heat resistant. [demonic ancestry]
  4182 | Ossuary  | Reached XP level 7. HP: 38/54 MP: 8/8
  4184 | Ossuary  | Quit the game

Action                   |  1- 3 |  4- 6 |  7- 9 || total
-------------------------+-------+-------+-------++-------
Melee: Dagger            |   182 |    39 |       ||   221
       Hand axe          |       |   140 |     1 ||   141
  Use: Potion            |     2 |       |       ||     2
 Stab: Distracted        |       |     1 |       ||     1
  Eat: Chunk             |     5 |     6 |       ||    11
       Pizza             |       |     1 |       ||     1
